 Dungeon Crawl Stone Soup version 0.27.0-1-g7a089689b8 (webtiles) character file.

Game seed: 2391392244216382253

20 lagrange the Charlatan (level 3, -2/27 HPs)
             Began as a Djinni Artificer on Aug 13, 2021.
             Slain by a hobgoblin (3 damage)
             ... on level 1 of the Dungeon.
             The game lasted 00:03:10 (768 turns).

lagrange the Charlatan (Djinni Artificer)            Turns: 768, Time: 00:03:10

Health: -2/27      AC:  3    Str: 12    XL:     3   Next: 0%
Gold:   16         EV: 12    Int: 12    God:
                   SH:  0    Dex: 13

rFire    + + .     SeeInvis .   a - +0 club
rCold    x . .     Faith    .   (no shield)
rNeg     . . .     Spirit   .   b - +0 leather armour
rPois    ∞         Reflect  .   (no helmet)
rElec    .         Harm     .   (no cloak)
rCorr    .         Rampage  .   (no gloves)
Will     .....                  (boots unavailable)
Stlth    +.........             (no amulet)
HPRegen  0.09/turn              (no ring)
MPRegen  0.00/turn              (no ring)

@: flying
A: sickness immunity, fire resistance 2, cold vulnerability 1, float, innate
caster, hp casting, extra vitality 1
a: no special abilities


You were on level 1 of the Dungeon.
You visited 1 branch of the dungeon, and saw 1 of its levels.

You collected 16 gold pieces.

Inventory:

Hand Weapons
 a - a +0 club (weapon)
 g - a +0 dagger of holy wrath
Armour
 b - a +0 leather armour (worn)
Wands
 c - a wand of flame (9) (quivered)
 d - a wand of charming (12)
Scrolls
 f - a scroll of enchant weapon {unknown}
 h - a scroll of vulnerability {unknown}
Miscellaneous
 e - a piece from Xom's chessboard (15/15)


   Skills:
 - Level 1.0 Fighting
 + Level 1.6 Armour
 + Level 2.7 Dodging
 - Level 1.0 Stealth
 + Level 3.3 Evocations


You had one spell level left.
You knew the following spells:

 Your Spells              Type           Power      Damage    Failure   Level
a - Shock                 Conj/Air       0%         1d3       38%         1
Your spell library was empty.

Dungeon Overview and Level Annotations

Branches:
Dungeon (1/15)

Altars:


Innate Abilities, Weirdness & Mutations

You are immune to sickness and miasma.
You are immune to poison.
Your flesh is very heat resistant. (rF++)
You are vulnerable to cold. (rC-)
You float through the air rather than walking.
You learn spells naturally, not from books.
Your magical power is your life essence.
You have superior vitality. (+4 HP)


Message History

The giant cockroach bites you but does no damage.
The hobgoblin hits you but does no damage.
You hit the giant cockroach.
The giant cockroach is almost dead.
The giant cockroach closely misses you. The hobgoblin hits you.
You closely miss the giant cockroach.
The giant cockroach is almost dead.
The giant cockroach bites you.
* * * LOW HITPOINT WARNING * * *
The hobgoblin hits you.
* * * LOW HITPOINT WARNING * * *
The giant cockroach barely misses you.
You closely miss the giant cockroach.
The giant cockroach is almost dead.
The hobgoblin closely misses you. The giant cockroach bites you.
* * * LOW HITPOINT WARNING * * *
The hobgoblin hits you.
* * * LOW HITPOINT WARNING * * *
The giant cockroach bites you but does no damage.
Found 10 stones.
The giant cockroach barely misses you.
Aiming: Throw Flame
Press: ? - help, Shift-Dir - straight line, f/p - giant cockroach
Aim: a giant cockroach (almost dead, 71% to hit)
The puff of flame hits the hobgoblin.
The hobgoblin is almost dead.
The hobgoblin closely misses you.
You hit the hobgoblin but do no damage.
The hobgoblin is almost dead.
The hobgoblin closely misses you.
The giant cockroach waves its antennae.
You barely miss the hobgoblin.
The hobgoblin is almost dead.
The hobgoblin hits you.
* * * LOW HITPOINT WARNING * * *
The hobgoblin barely misses you.
Your leather armour prevents you from hitting the hobgoblin.
The hobgoblin is almost dead.
The hobgoblin hits you.
You die...

##...........................#
#....#.#.#......#..........##..
.........#.....##..........# #
....##.###............)....#
....##.##..##.##..?........#...
...........##.##........).[....
#....†.......>####.............
#..).††.†...######..........#.#
............# #.@gB.........#
#...............##............
#............### ##...##.......
...........#.# #...# .##....
###..........# #..#...# ....
.......##.### ......# ######..
.# ..#(## .#


You could see a giant cockroach and a hobgoblin.

Vanquished Creatures
  A dart slug (D:1)
  2 ball pythons (D:1)
  An endoplasm (D:1)
  A giant cockroach (D:1)
  2 jackals (D:1)
  3 kobolds (D:1)
  A quokka (D:1)
  A bat (D:1)
  A rat (D:1)
13 creatures vanquished.

Vanquished Creatures (collateral kills)
  2 goblins (D:1)
  A quokka (D:1)
  A ball python (D:1)
  A bat (D:1)
5 creatures vanquished.

Grand Total: 18 creatures vanquished

Notes
Turn   | Place    | Note
-------+----------+-------------------------------------------
     0 | D:1      | lagrange the Djinni Artificer began the quest for the Orb.
     0 | D:1      | Reached XP level 1. HP: 17/17 MP: 0/0
   208 | D:1      | Reached skill level 1 in Stealth
   417 | D:1      | Reached XP level 2. HP: 22/22 MP: 0/0
   752 | D:1      | Reached XP level 3. HP: 13/27 MP: 0/0
   752 | D:1      | Learned a level 1 spell: Shock
   767 | D:1      | HP: 1/27 [hobgoblin (2)]
   768 | D:1      | Slain by a hobgoblin

Illustrated notes

Levels and vault maps discovered:
D:1:      amcnicky_arrival_wind_blow, layout_rooms,
          hellmonk_ecumenical_altar_pennies_from_heaven

Skill      XL: |  1 |
---------------+----+-----
Stealth        | 1 |  1.0
Fighting       | |  1.0
Armour         | |  1.6
Dodging        | |  2.7
Evocations     | |  3.3

Action                   || total
-------------------------++-------
Melee: Club              ||    79
 Cast: Shock             ||     1
Evoke: Wand              ||     9
Armor: Leather armour    ||    27
Dodge: Dodged            ||    87
